Map: Apotheosis LE

Players

Nickos - Winner!

  • Race: Terran Terran
  • League: Gold

Christo

  • Race: Terran Terran
  • League: Gold

VOD

Have the link to the VOD?

Description

Time

  • Played on: Sept. 29, 2016, 5:47 a.m.
  • Length: 16:37
Show
View Real Time Build Order
Export as new Build Order

Nickos Terran - Winner!

Build Orders: MMM Bio 

Get SALT Encoding   

  12  0:01  SCV  
  13  0:13  SCV  
  14  0:22  Supply Depot  
  14  0:25  SCV  
  15  0:44  SCV  
  15  0:46  Barracks  
  16  0:56  SCV  
  17  1:08  SCV  
  18  1:20  SCV  
  18  1:24  Command Center  
  19  1:32  Marine  
  19  1:34  Orbital Command  
  20  1:46  Barracks  
  19  1:57  Marine  
  19  2:01  SCV  
  21  2:13  SCV  
  22  2:16  Supply Depot  
  22  2:23  Marine  
  23  2:30  Refinery  
  23  2:32  Refinery, Barracks  
  23  2:38  Marine, SCV  
  23  2:41  Marine  
  24  2:53  SCV  
  25  3:04  Marine x2  
  25  3:05  SCV  
  28  3:17  SCV  
  30  3:20  Orbital Command  
  29  3:29  Marine x2  
  29  3:33  SCV  
  32  3:40  Barracks Tech Lab, Factory  
  32  3:45  SCV  
  32  3:48  SCV  
  34  3:51  Barracks Reactor  
  34  3:57  SCV  
  34  4:00  SCV  
  36  4:04  Barracks Reactor  
  36  4:09  SCV  
  37  4:12  Stimpack  
  37  4:14  Marauder  
  39  4:17  SCV  
  39  4:21  SCV  
  41  4:24  Factory Reactor  
  41  4:25  Barracks  
  41  4:27  Barracks  
  41  4:31  SCV  
  42  4:32  Marine  
  42  4:33  SCV, Marine  
  45  4:44  SCV  
  46  4:47  Starport  
  46  4:56  Supply Depot  
  46  4:59  Marine x4  
  54  5:00  Marauder, Supply Depot, SCV x2  
  54  5:18  SCV x2, Marine x4  
  54  5:20  Barracks Tech Lab  
  59  5:24  Barracks Reactor  
  59  5:30  SCV x2  
  61  5:41  Supply Depot  
  61  5:42  SCV  
  62  5:43  Supply Depot  
  62  5:44  Marine x5  
  62  5:45  Medivac  
  69  6:00  SCV  
  69  6:02  Medivac  
  69  6:03  Marauder, SCV  
  75  6:11  Marine x5  
  57  6:12  SCV, Marine x2  
  55  6:25  SCV x2  
  56  6:27  Combat Shields  
  56  6:32  Marine x3  
  59  6:35  Liberator, Marine  
  59  6:37  SCV  
  61  6:42  SCV  
  61  6:45  Marine x2  
  64  6:49  SCV  
  69  6:54  SCV  
  69  7:00  Marine x3  
  69  7:01  SCV, Marine  
  73  7:06  SCV  
  74  7:18  Liberator x2  
  61  7:27  Marine x4  
  61  7:28  Marine  
  66  7:33  Marine  
  66  7:34  Marauder  
  66  7:35  Marauder  
  77  7:40  SCV x2  
  75  7:52  SCV  
  75  7:56  Marauder  
  75  7:57  SCV  
  75  7:58  Marine x4  
  81  7:59  Marine x3  
  86  8:35  Liberator  
  86  8:52  SCV, Marine x2  
  86  8:53  SCV, Marauder x2, Marine x4  
  100  9:10  Marine x6  
  100  9:14  Marine  
  100  9:15  Marauder  
  106  9:28  Marine x6  
  112  9:31  Marine  
  112  9:35  Marine  
  112  9:36  Medivac x2  
  115  9:46  Reaper, Marine x2  
  115  9:50  Marine  
  115  9:51  Marine x3  
  118  9:53  Marine  
  118  9:54  Liberator  
  101  10:03  Marine x2  
  101  10:06  Medivac  
  105  10:08  Marine x2  
  105  10:09  Command Center, Marine  
  105  10:12  Marauder  
  113  10:14  Supply Depot  
  113  10:17  Supply Depot  
  104  10:22  Liberator  
  104  10:26  Marauder  
  95  10:32  Marine x3  
  95  10:33  Marauder, Marine x3  
  106  10:48  Marauder  
  106  10:49  Barracks  
  108  10:50  Refinery, SCV x2, Barracks, Marine x2  
  108  10:51  Refinery, Barracks  
  108  10:52  Barracks  
  110  11:20  Marine  
  110  11:21  Marine x2  
  110  11:23  Marine x4  
  110  11:24  Marine  
  90  11:38  Medivac x2, Marine x2  
  90  11:39  Marine  
  97  11:41  Marine x5  
  99  11:51  Orbital Command  
  100  11:54  SCV  
  100  11:56  Marine x3  
  100  11:57  Liberator  
  100  11:58  Liberator, Marine  
  100  11:59  Marine x4  
  108  12:08  Orbital Command  
  108  12:14  Marine x3  
  117  12:16  Marine  
  117  12:17  Marauder, Marine x2  
  117  12:18  Marauder  
  121  12:39  Marauder x2  
  121  12:43  Marine  
  121  12:44  Marine x5  
  111  13:00  Marine x2  
  111  13:02  Marine x4  
  111  13:03  Marine x2  
  119  13:11  Liberator  
  117  13:17  Marine  
  117  13:18  Marine  
  115  13:20  Marine x5  
  115  13:21  Marine  
  113  13:31  Marine  
  113  13:32  Marine x3  
  120  13:35  Marine x2  
  120  13:37  Marine  
  120  13:38  Marine x4  
  120  13:39  Marine  
  128  13:49  Marine  
  128  13:51  Marine x2  
  128  13:52  Marine  
  128  13:53  Marine x2  
  134  13:55  Marine  
  134  13:56  Marine  
  134  13:57  Marine  
  134  13:58  Marine x3  
  140  14:07  Marine  
  140  14:08  Marine  
  140  14:09  Marine  
  143  14:10  Marine  
  143  14:11  Marine  
  145  14:18  Marine x3  
  145  14:19  Marine x4  
  152  14:25  Marine  
  152  14:26  Marine x2  
  152  14:27  Marine  
  151  14:44  Marine x3  
  148  14:45  Liberator  
  147  14:56  Marine  
  147  14:57  Marine x3  
  142  15:04  Marine x5  
  142  15:05  Marine x3  
  149  15:14  Marine  
  149  15:15  Medivac, Marine  
  149  15:21  Barracks  
  153  15:22  Refinery, Barracks  
  153  15:23  Refinery, Barracks  
  153  15:27  SCV x2  
  153  15:28  SCV  
  156  15:45  Command Center  
  138  16:00  Marine x3  
  138  16:01  Marine x2  
  145  16:12  Marine x5  
  145  16:13  Marine  
Show
View Real Time Build Order
Export as new Build Order

Christo Terran 

Build Orders: Reaper Expand, Mech 

Get SALT Encoding   

  12  0:01  SCV  
  13  0:13  SCV  
  14  0:17  Supply Depot  
  14  0:25  SCV  
  15  0:39  SCV  
  15  0:40  Barracks  
  16  0:45  Refinery  
  16  0:53  SCV  
  17  1:05  SCV  
  18  1:17  SCV  
  19  1:27  Supply Depot  
  19  1:28  Reaper  
  19  1:30  Orbital Command  
  20  1:53  Command Center  
  20  2:09  Marine  
  20  2:11  SCV  
  22  2:16  Refinery  
  22  2:20  Factory  
  22  2:25  Barracks  
  22  2:29  Marine, SCV  
  24  2:45  SCV  
  24  2:47  Marine  
  25  2:57  SCV  
  26  3:09  SCV  
  26  3:11  Factory Tech Lab  
  26  3:12  Factory Tech Lab  
  28  3:16  Barracks Tech Lab  
  28  3:18  Barracks Reactor  
  27  3:23  Orbital Command  
  27  3:29  Starport  
  27  3:32  SCV  
  28  3:35  Marine  
  28  3:37  Stimpack  
  29  3:50  Refinery, SCV x2  
  29  3:55  Siege Tank  
  34  3:57  Marine x3  
  37  4:06  Starport Reactor  
  37  4:07  SCV x2  
  39  4:22  SCV x2  
  39  4:24  Refinery, Marine x3  
  41  4:30  Supply Depot  
  44  4:45  Marine x2  
  46  4:51  Siege Tank, Marine  
  46  4:52  Supply Depot  
  50  4:53  Supply Depot  
  50  4:56  SCV  
  50  4:57  SCV  
  52  5:21  Marine x3  
  52  5:22  SCV x2  
  52  5:27  Siege Tank  
  52  5:28  Medivac x2  
  64  5:34  Engineering Bay  
  64  5:35  Engineering Bay, SCV  
  65  5:43  SCV  
  65  5:47  SCV  
  67  6:09  Marine x3  
  67  6:10  Siege Tank, SCV x2  
  63  6:22  SCV x2  
  62  6:26  Marine x2  
  63  6:34  SCV x2  
  65  6:42  Siege Tank  
  65  6:46  Command Center  
  68  6:48  Factory  
  68  6:52  Marine, SCV x2  
  71  6:54  Factory  
  71  6:56  Barracks  
  71  7:04  SCV x2  
  71  7:06  Supply Depot  
  71  7:07  Supply Depot  
  73  7:18  Marine x3  
  73  7:19  SCV x2  
  66  7:31  SCV x2  
  66  7:35  Marine  
  66  7:36  Marine x2  
  71  7:37  Terran Infantry Weapons Level 1, Terran Infantry Armor Level 1  
  69  7:57  Marine  
  72  7:58  Barracks Reactor  
  72  7:59  Factory Tech Lab x2  
  72  8:01  SCV x2  
  66  8:22  Marine x3  
  61  8:34  Marine  
  61  8:35  Viking, Marine  
  61  8:36  Viking  
  61  8:39  Marine  
  66  8:42  Planetary Fortress  
  66  8:44  SCV  
  66  8:46  Marine x2  
  69  8:52  Marine  
  67  8:58  SCV x2  
  66  9:10  SCV x2  
  68  9:20  Marine  
  68  9:21  Marine x4  
  73  9:30  Siege Tank  
  73  9:31  Siege Tank x2  
  82  9:33  SCV x3  
  82  9:38  Medivac x2, Marine x2  
  69  9:53  Marine x2  
  69  9:54  SCV, Marine  
  69  9:55  SCV  
  69  9:56  Marine x2  
  56  10:02  SCV  
  56  10:03  Siege Tank  
  56  10:07  SCV  
  58  10:14  SCV  
  58  10:15  Orbital Command  
  58  10:16  Marine x3  
  58  10:17  Marine x2  
  58  10:19  SCV  
  62  10:26  SCV  
  63  10:31  SCV  
  63  10:34  Marine x5  
  69  10:38  SCV  
  70  10:43  SCV  
  70  10:47  SCV  
  72  10:50  SCV  
  72  10:55  SCV  
  74  10:59  SCV  
  74  11:02  SCV  
  74  11:04  Siege Tank x3, Barracks x2  
  77  11:19  Marine x5  
  66  11:36  Viking  
  66  11:37  Marine x5  
  72  11:44  SCV x3  
  72  11:49  Viking  
  72  11:54  Barracks Reactor  
  74  11:55  Marine x4  
  74  11:56  SCV x2  
  80  12:06  SCV  
  81  12:08  SCV x2  
  81  12:14  Refinery  
  83  12:18  SCV  
  83  12:19  Refinery  
  83  12:20  SCV x2  
  84  12:39  Marine x2  
  84  12:40  Marine x6  
  73  12:48  SCV x3  
  66  12:55  Siege Tank x3  
  66  12:57  Marine x4  
  66  12:58  Marine x4  
  81  13:00  SCV x3  
  82  13:15  Marine x5  
  82  13:18  Marine x3  
  81  13:20  SCV x3  
  85  13:27  Siege Tank  
  85  13:32  SCV  
  85  13:33  Marine x3  
  89  13:37  SCV x2  
  91  13:43  Missile Turret  
  91  13:44  Missile Turret  
  91  13:46  SCV  
  91  13:47  Medivac, Marine x2  
  91  13:48  Medivac  
  98  13:49  SCV  
  99  13:59  Siege Tank  
  99  14:00  Marine x5  
  99  14:01  SCV x2  
  109  14:07  Supply Depot x2  
  109  14:09  Supply Depot  
  109  14:21  SCV  
  109  14:22  SCV  
  109  14:23  Armory  
  109  14:25  SCV  
  85  15:04  Marine x3, SCV x3  
  85  15:05  Marine  
  83  15:15  Missile Turret x2  
  83  15:16  Marine x3, SCV x3  
  83  15:17  Marine  
  90  15:22  Marine x2  
  90  15:26  Marine  
  90  15:27  Marine  
  90  15:28  SCV x3  
  96  15:29  Command Center  
  96  15:31  Refinery  
  96  15:33  Refinery, Missile Turret  
  96  15:34  Marine x2  
  96  15:35  Missile Turret  
  99  15:38  Missile Turret  
  99  15:40  SCV x3  
  102  15:46  Marine x4  
  83  15:58  Marine x4  
  77  16:04  Marine x4  
  84  16:16  Marine x4  
  64  16:23  SCV  
Tags
 
Composition
MMM BioMech
League
GoldGold
Matchup
TvT
Race
Terran
Replay Pack
Nickos replay
Add a new tag
Caveats
  • Supply blocks, unpowered buildings, or Contaminate may cause inaccurate times.
  • Supply counts are checked every 10 seconds.